 Dungeon Crawl Stone Soup version 0.30-a0-364-gf6b3ef1049 (webtiles) character file.

Game seed: 8572120607306633344

40782 funkygono the Thaumaturge (level 13, -37/86 HPs)
             Began as a Demonspawn Fire Elementalist on Nov 15, 2022.
             Was a High Priest of Vehumet.
             Killed from afar by a fire dragon (48 damage)
             ... with a blast of flame
             ... on level 5 of the Lair of Beasts.
             The game lasted 00:45:29 (16810 turns).

funkygono the Thaumaturge (DsFE)                   Turns: 16810, Time: 00:45:29

Health: -37/86     AC: 15    Str:  9    XL:     13   Next: 76%
Magic:  26/31      EV: 13    Int: 22    God:    Vehumet [*****.]
Gold:   1703       SH:  0    Dex: 13    Spells: 13/40 levels left

rFire   . . .      SeeInvis +    q - +3 whip (protect)
rCold   . . .      Faith    .    (no shield)
rNeg    + . .      Spirit   .    o - +1 robe {Archmagi}
rPois   .          Reflect  .    r - +1 helmet
rElec   .          Harm     .    H - +2 cloak
rCorr   +          Rampage  .    (no gloves)
Will    +....      Archmagi +    j - +2 pair of boots
Stlth   ++........               f - amulet of magic regeneration
HPRegen 0.34/turn                v - ring "Xiavvof" {rC- Will+ rCorr SInv}
MPRegen 0.62/turn                x - ring of positive energy

@: lethally poisoned (-37 -> -72), about to teleport
A: icy blue scales 3, powered by death 2, weakness stinger 2
a: Renounce Religion


You were on level 5 of the Lair of Beasts.
You worshipped Vehumet.
Vehumet was extremely pleased with you.
You visited 3 branches of the dungeon, and saw 16 of its levels.
You also visited: Sewer.

You collected 1703 gold pieces.

Inventory:

Hand Weapons
 q - a +3 whip of protection (weapon)
Missiles
 k - 2 throwing nets
Armour
 j - a +2 pair of boots (worn)
 l - a +0 cloak of poison resistance
 o - a +1 robe of the Archmagi (worn)
 r - a +1 helmet (worn)
 E - the -1 pair of boots of Biffuoj {Harm rF+ MP+9}
   (You acquired it on level 9 of the Dungeon)

   rF:        It protects you from fire.
   MP:        It affects your magic capacity (+9).
   Harm:      It increases damage dealt and taken.
 H - a +2 cloak (worn)
Magical Staves
 B - a staff of cold
Jewellery
 a - a ring of willpower
 f - an amulet of magic regeneration (around neck)
 v - the ring "Xiavvof" (left hand) {rC- Will+ rCorr SInv}
   (You acquired it on level 5 of the Dungeon)

   [ring of see invisible]

   rC:        It makes you vulnerable to cold.
   SInv:      It lets you see invisible.
   rCorr:     It protects you from acid and corrosion.
   Will:      It increases your willpower.
 x - a ring of positive energy (right hand)
 y - an amulet of reflection
 z - a ring of protection from cold
 G - a ring of resist corrosion
 L - an amulet of regeneration
Wands
 C - a wand of flame (53)
Scrolls
 d - 2 scrolls of brand weapon
 e - 13 scrolls of identify
 m - a scroll of enchant weapon
 u - 5 scrolls of teleportation
 w - 4 scrolls of fear
 I - a scroll of blinking
 J - a scroll of poison
 K - a scroll of fog
Potions
 b - 3 potions of berserk rage
 c - 2 potions of might
 g - 7 potions of curing
 h - 6 potions of heal wounds
 i - 8 potions of mutation
 n - 4 potions of brilliance
 p - 2 potions of ambrosia
 s - 2 potions of haste
 t - a potion of resistance
 A - 2 potions of magic
 D - a potion of invisibility
 F - 2 potions of flight


   Skills:
 + Level 3.2 Fighting
 + Level 0.3 Maces & Flails
 + Level 4.9 Dodging
 - Level 1.7 Stealth
 + Level 14.3 Spellcasting
 + Level 9.3 Conjurations
 + Level 1.7 Transmutations
 + Level 13.2 Fire Magic
 + Level 2.7 Air Magic
 + Level 3.5 Poison Magic


You had 13 spell levels left.
You knew the following spells:

 Your Spells              Type           Power      Damage    Failure   Level
a - Foxfire               Conj/Fire      100%       2x1d9     1%          1
b - Scorch                Fire           100%       2d10      1%          2
c - Kindle Blastsparks    Fire/Tloc/Air  100%       2d18      1%          3
d - Flame Wave            Conj/Fire      78%        2d17      1%          4
e - Shock                 Conj/Air       100%       1d9       1%          1
f - Searing Ray           Conj           100%       2d8       1%          2
g - Poisonous Vapours     Pois/Air       88%        N/A       1%          2
h - Sticky Flame          Conj/Fire      78%        2d9       1%          4
i - Ignite Poison         Fire/Tmut/Pois 59%        N/A       1%          3
j - Fireball              Conj/Fire      39%        3d16      1%          5

Your spell library contained the following spells:

 Spells                   Type           Power      Damage    Failure   Level
 Ozocubu's Refrigeration  Ice            11%        4d10      99%         7
 Inner Flame              Hex/Fire       61%        N/A       1%          3
 Fulminant Prism          Conj/Hex       26%        3d14      1%          4
 Iskenderun's Mystic Bla  Conj/Tloc      53%        2d11      1%          4
 Starburst                Conj/Fire      39%        6d11      1%          6
 Summon Small Mammal      Summ           92%        N/A       3%          1
 Freezing Cloud           Conj/Ice/Air   25%        6-21      5%          5
 Call Canine Familiar     Summ           23%        N/A       12%         3
 Summon Guardian Golem    Hex/Summ       23%        N/A       12%         3
 Lee's Rapid Deconstruct  Erth           11%        3d8*      26%         5
 Summon Ice Beast         Ice/Summ       23%        N/A       36%         4
 Summon Mana Viper        Hex/Summ       23%        N/A       71%         5
 Simulacrum               Ice/Necr       11%        N/A       99%         6
 Monstrous Menagerie      Summ           11%        N/A       100%        7
 Polar Vortex             Ice            11%        N/A       100%        9


Dungeon Overview and Level Annotations

Branches:
Dungeon (10/15)            Temple (1/1) D:5            Lair (5/5) D:9
 Shoals (0/4) Lair:2        Snake (0/4) Lair:3        Slime (0/5) Lair:4
    Orc (0/2) D:10          Sewer (visited)

Altars:
Ashenzari
Cheibriados
Dithmenos
Fedhas
Gozag
Hepliaklqana
Kikubaaqudgha
Makhleb
Nemelex Xobeh
Okawaru
Qazlal
Ru
Sif Muna
Trog
Uskayaw
Vehumet
Wu Jian
Xom
Yredelemnul

Shops:
D:3 (

Annotations:
Lair:3 1 runed translucent door, Wumir's ghost, journeyman SpBr


Innate Abilities, Weirdness & Mutations

You are completely covered in icy blue scales. (AC +4, rC+)
You regenerate health from kills.
You have a tail ending in a sharp stinger.


Message History

You are engulfed in a cloud of scalding steam.
The swamp dragon breathes poison at you.
The blast of poison engulfs you.
You are poisoned.
The fire dragon bites you but does no damage.
The fire dragon claws you! The fire dragon barely misses you.
Casting: Searing Ray (safe; 1% risk of failure)
Confirm with . or Enter, or press ? or * to list all spells.
You can't see any susceptible monsters within range! (Use Z to cast anyway.) Unknown command.
Unknown command.
As you read the scroll of teleportation, it crumbles to dust.
You feel strangely unstable.
You are engulfed in poison gas.
You are more poisoned.
You feel extremely sick.
The swamp dragon is engulfed in a cloud of scalding steam.
The fire dragon completely misses you. x2; The fire dragon closely misses you.
Casting: Searing Ray (safe; 1% risk of failure)
Confirm with . or Enter, or press ? or * to list all spells.
Aiming: Searing Ray (safe; 1% risk of failure)
Press: ? - help, Shift-Dir - straight line, f/p - fire dragon
Aim: a fire dragon (poison gas, water, lightly wounded, 87% to hit)
You feel a surge of power!
The searing ray hits the fire dragon.
The fire dragon is lightly wounded. (Press . to maintain the ray.)
You are engulfed in poison gas.
You are more poisoned.
You feel extremely sick.
The fire dragon bites you but does no damage.
The fire dragon claws you but does no damage.
The fire dragon tramples you.
You stumble backwards!
You are engulfed in poison gas.
You are lethally poisoned!
* * * LOW HITPOINT WARNING * * *
x2 You feel extremely sick.
The swamp dragon is engulfed in blazing flames.
The fire dragon breathes flames at you. The blast of flame hits you!!!
Ouch! That really hurt!
You die...

♣♣♣♣....~..
♣♣♣.P....~≈~~
♣♣....♣♣≈~~≈♣~
♣♣.....†~~≈..♣♣
♣♣.....≈~~†....♣
♣...~..~≈.......
♣♣...≈~~.≈..♣♣♣..
♣♣♣.P.~♣♣♣.≈≈....♣.
♣○@°.~♣♣ ♣♣.~≈...♣♣
♣♣PD○°♣♣ ♣♣P.≈.~..
♣.○○°§♣ ♣♣♣~..†.
♣○≈☼D♣♣ ♣♣..~~
♣.~§§§ ♣♣..§
♣..§~~~. ..≈
♣♣...≈.~§ ..≈
♣♣P.~≈≈.≈ ~.~
♣♣(.~~.~


You could see a fire dragon (catching breath) and a swamp dragon (catching
breath).

Vanquished Creatures
  Gastronok (D:10)
  4 hydras
  A catoblepas (Lair:4)
  3 death yaks (Lair:3)
  3 lindwurms (Lair:2)
  A manticore (Lair:5)
  An ugly thing (D:9)
  13 elephants
  2 black mambas
  A merfolk siren (Lair:2)
  Maurice (D:10)
  10 cane toads
  6 rime drakes
  10 komodo dragons
  A hornet (D:8)
  Grinder (D:3)
  5 blink frogs (Lair:3)
  11 wyverns
  A wraith (D:8)
  56 yaks
  6 basilisks
  4 steam dragons
  A warg (Lair:5)
  A naga (Lair:3)
  An acid dragon (Lair:5)
  6 water moccasins
  2 hell hounds (Lair:4)
  2 sky beasts
  8 orc warriors
  2 black bears
  2 swamp drakes (Lair:5)
  4 wolves (Lair:5)
  An ice beast (D:6)
  2 ogres
  3 centaurs (D:10)
  3 phantoms
  11 bullfrogs
  6 kobold brigands
  A gnoll sergeant (D:5)
  10 wights
  2 scorpions (D:6)
  19 killer bees
  3 jellies
  A howler monkey (D:6)
  2 electric eels (D:7)
  A gnoll bouda (D:7)
  6 orc priests
  3 hounds
  9 iguanas
  15 orc wizards
  10 hell rats
  13 gnolls
  12 adders
  3 river rats (Sewer)
  A white imp (D:5)
  2 dart slugs
  37 orcs
  2 bats (D:2)
  7 endoplasms
  6 giant cockroaches
  4 hobgoblins
  9 jackals
  8 quokkas
  7 ball pythons
  7 frilled lizards
  8 goblins
  23 kobolds
  5 rats
  A bush (Lair:3)
434 creatures vanquished.

Vanquished Creatures (collateral kills)
  18 foxfires
18 creatures vanquished.

Vanquished Creatures (others)
  A hell hound (Lair:5)
  An orc wizard (D:6)
  965 foxfires
  26 fungi
  92 plants
1085 creatures vanquished.

Grand Total: 1537 creatures vanquished

Notes
Turn   | Place    | Note
-------+----------+-------------------------------------------
     0 | D:1      | funkygono the Demonspawn Fire Elementalist began the quest
                  | for the Orb.
     0 | D:1      | Reached XP level 1. HP: 13/13 MP: 3/3
   248 | D:1      | Gained mutation: You regenerate a little health from kills.
                  | [demonic ancestry]
   248 | D:1      | Reached XP level 2. HP: 19/19 MP: 1/5
   251 | D:1      | Learned a level 2 spell: Scorch
   866 | D:2      | Identified the +4 hand axe "Tiymeuk" {vamp, Will+}
   987 | D:2      | Gained mutation: You have a small tail. [demonic ancestry]
   987 | D:2      | Reached XP level 3. HP: 24/24 MP: 0/6
  1271 | D:2      | Gained mutation: You regenerate health from kills. [demonic
                  | ancestry]
  1271 | D:2      | Reached XP level 4. HP: 30/30 MP: 3/7
  2384 | D:3      | Noticed Grinder
  2395 | D:3      | Paralysed by Grinder for 5 turns
  2400 | D:3      | HP: 1/30 [Grinder (7)]
  2405 | D:3      | Killed Grinder
  2406 | D:3      | Reached skill level 3 in Spellcasting
  2406 | D:3      | Reached XP level 5. HP: 24/35 MP: 6/10
  2406 | D:3      | Reached XP level 6. HP: 28/41 MP: 6/11
  2456 | D:3      | Learned a level 3 spell: Kindle Blastsparks
  2461 | D:3      | Learned a level 4 spell: Flame Wave
  2478 | D:3      | Found Icwa's Weapon Shop.
  3078 | D:4      | Reached skill level 4 in Spellcasting
  3294 | D:4      | Found a broken altar of Ashenzari.
  3968 | D:4      | Gained mutation: You have a tail ending in a sharp stinger.
                  | [demonic ancestry]
  3968 | D:4      | Reached XP level 7. HP: 46/46 MP: 8/13
  4256 | D:5      | Entered Level 5 of the Dungeon
  4308 | D:5      | Found a staircase to the Ecumenical Temple.
  4320 | D:5      | Reached skill level 5 in Fire Magic
  4659 | D:5      | Found a glowing drain.
  4674 | Sewer    | Entered a sewer
  5017 | Sewer    | Reached skill level 5 in Spellcasting
  6012 | D:5      | Found an ornate altar of the Wu Jian Council.
  6121 | D:5      | Found a shadowy altar of Dithmenos.
  6379 | D:5      | Identified a scroll of acquirement
  6379 | D:5      | Acquired the ring "Xiavvof" {rC- Will+ rCorr SInv}
  6474 | D:6      | Found a snail-covered altar of Cheibriados.
  6496 | D:6      | Reached XP level 8. HP: 52/52 MP: 12/16
  6568 | D:6      | Reached skill level 1 in Air Magic
  6615 | D:6      | Reached skill level 6 in Spellcasting
  6783 | D:6      | Reached skill level 5 in Conjurations
  6861 | D:6      | Found a shimmering blue altar of Sif Muna.
  7303 | D:7      | Found a transporter.
  7459 | D:7      | Reached skill level 7 in Spellcasting
  7459 | D:7      | Reached XP level 9. HP: 57/57 MP: 15/19
  7522 | D:7      | Found a transporter.
  8115 | Temple   | Entered the Ecumenical Temple
  8130 | Temple   | Became a worshipper of Vehumet
  8470 | D:8      | Paralysed by a hornet for 1 turns
  8567 | D:8      | Reached skill level 8 in Spellcasting
  8744 | D:8      | Reached skill level 1 in Fighting
  8801 | D:8      | Gained mutation: You are partially covered in icy blue
                  | scales. (AC +2) [demonic ancestry]
  8801 | D:8      | Reached XP level 10. HP: 39/65 MP: 5/22
  8920 | D:8      | Reached skill level 9 in Spellcasting
  8922 | D:8      | Reached * piety under Vehumet
  8922 | D:8      | Offered knowledge of Shock by Vehumet.
  9144 | D:8      | Found an opulent altar of Gozag.
  9430 | D:8      | Learned a level 1 spell: Shock
  9592 | D:9      | Reached skill level 10 in Spellcasting
  9592 | D:9      | Reached ** piety under Vehumet
  9597 | D:9      | Offered knowledge of Searing Ray by Vehumet.
  9625 | D:9      | Found a staircase to the Lair.
  9748 | D:9      | Noticed a cyan ugly thing
  9756 | D:9      | Killed a cyan ugly thing
  9794 | D:9      | Gained mutation: You are mostly covered in icy blue scales.
                  | (AC +3) [demonic ancestry]
  9794 | D:9      | Reached XP level 11. HP: 73/73 MP: 21/25
 10231 | D:9      | Acquired the -1 pair of boots of Biffuoj {Harm rF+ MP+9}
 10238 | D:9      | Learned a level 2 spell: Searing Ray
 10265 | D:10     | Entered Level 10 of the Dungeon
 10265 | D:10     | Noticed Gastronok
 10280 | D:10     | Killed Gastronok
 10395 | D:10     | Noticed Maurice
 10403 | D:10     | Killed Maurice
 10404 | D:10     | Reached skill level 10 in Fire Magic
 10467 | D:10     | Offered knowledge of Poisonous Vapours by Vehumet.
 10471 | D:10     | Learned a level 2 spell: Poisonous Vapours
 10644 | D:10     | Found a staircase to the Orcish Mines.
 10653 | D:10     | Reached skill level 11 in Spellcasting
 10777 | D:10     | Reached *** piety under Vehumet
 11035 | Lair:1   | Entered Level 1 of the Lair of Beasts
 11110 | Lair:1   | Offered knowledge of Sticky Flame by Vehumet.
 11343 | Lair:1   | Learned a level 4 spell: Sticky Flame
 11391 | Lair:1   | Gained mutation: You are completely covered in icy blue
                  | scales. (AC +4, rC+) [demonic ancestry]
 11391 | Lair:1   | Reached XP level 12. HP: 54/80 MP: 21/27
 11478 | Lair:1   | Reached skill level 12 in Spellcasting
 12308 | Lair:2   | Found a staircase to the Shoals.
 12316 | Lair:2   | Reached **** piety under Vehumet
 14103 | Lair:3   | Noticed an eight-headed hydra
 14110 | Lair:3   | Killed an eight-headed hydra
 14110 | Lair:3   | Offered knowledge of Ignite Poison by Vehumet.
 14111 | Lair:3   | Noticed a six-headed hydra
 14141 | Lair:3   | Killed a six-headed hydra
 14142 | Lair:3   | Reached skill level 13 in Spellcasting
 14240 | Lair:3   | Learned a level 3 spell: Ignite Poison
 14379 | Lair:3   | Reached skill level 1 in Poison Magic
 14397 | Lair:3   | Reached XP level 13. HP: 85/85 MP: 12/30
 14429 | Lair:3   | Found a staircase to the Snake Pit.
 14462 | Lair:3   | Identified the +3 kite shield "Ynorghiv" {rElec Int-4
                  | Dex+4}
 14759 | Lair:3   | Reached skill level 1 in Transmutations
 15159 | Lair:3   | Found a runed translucent door.
 15160 | Lair:3   | Noticed Wumir's ghost (journeyman SpBr)
 15231 | Lair:3   | Acquired 678 gold pieces
 15239 | Lair:3   | Learned a level 5 spell: Fireball
 15728 | Lair:4   | Reached ***** piety under Vehumet
 15736 | Lair:4   | Offered knowledge of Ozocubu's Refrigeration by Vehumet.
 15839 | Lair:4   | Found a staircase to the Slime Pits.
 16012 | Lair:5   | Entered Level 5 of the Lair of Beasts
 16277 | Lair:5   | Reached skill level 14 in Spellcasting
 16802 | Lair:5   | Noticed a fire dragon
 16810 | Lair:5   | Killed from afar by a fire dragon

Illustrated notes

Levels and vault maps discovered:
D:1:      nzn_arrival_settlement, layout_basic, minmay_pentomino_w2
D:2:      layout_rooms
D:3:      layout_basic, serial_shops, nicolae_shop_bloodbath_and_beyond,
          uniq_grinder
D:4:      layout_rooms, evilmike_ruin_ashenzari, serial_co_window_serial,
          co_window_paths_a, co_window_of_opportunity_a, co_window_paths_b,
          co_window_paths_a, co_window_corner_a, co_window_corner_a,
          co_window_of_opportunity_a, co_window_corner_a, co_window_corner_a,
          co_window_broadway_a, co_window_corner_b, co_window_broadway_b,
          co_window_cross_3, co_window_unsneaky_path_b, co_window_2corner,
          glass_columns_c, glass_columns_a, glass_columns_c, glass_columns_c
D:5:      layout_basic, gammafunk_temple_overflow_pools,
          mainiacjoe_overflow_paths, minmay_temple_entry_mini_moons,
          gup_sewer_entry_pipe
D:6:      layout_basic, mainiacjoe_overflow_alcove_4,
          nicolae_sif_muna_condensation
D:7:      gammafunk_steamed_eel, layout_gridville,
          chequers_serial_rivers_room_b, chequers_mini_garden
D:8:      layout_gridville, mainiacjoe_overflow_concentric_impassable,
          minmay_bent
D:9:      layout_loops_ring, david_lair_generic, eino_jars
D:10:     layout_roguey, orc_0_dummy, uniq_maurice, uniq_gastronok
Temple:   nicolae_temple_bog_church
Lair:1:   layout_cave_pods
Lair:2:   layout_small_grid, minmay_shoals_entry_lonely_mermaid,
          nicolae_lair_lindhole
Lair:3:   layout_roguey [special_room_mythical_zoo],
          guppyfry_snake_entry_island, ebering_ghost_inner_flame,
          grunt_megastairs_2, infiniplex_staircase_pool
Lair:4:   layout_misc_corridors, nicolae_slime_entry_slimehenge
Lair:5:   hangedman_lair_caniforms_friends, layout_cave_pods,
          guppyfry_lair_end_dragon, special_room [special_room_mythical_zoo]

Skill      XL: |  1  2  3  4  5  6  7  8  9 10 11 12 13 |
---------------+----------------------------------------+-----
Fire Magic     | 3 4 5 6 8 9 11 12 13 | 13.2
Dodging        | 2 3 4 |  4.9
Spellcasting   | 3 4 5 7 8 10 11 13 14 | 14.3
Conjurations   | 2 3 4 5 6 7 8 9 |  9.3
Air Magic      | 1 2 |  2.7
Fighting       | 1 2 3 |  3.2
Poison Magic   | 1 3 |  3.5
Transmutations | 1 |  1.7
Maces & Flails | |  0.3
Stealth        | |  1.7

Action                   |  1- 3 |  4- 6 |  7- 9 | 10-12 | 13-15 || total
-------------------------+-------+-------+-------+-------+-------++-------
Melee: Hand axe          |     2 |       |       |       |       ||     2
       Whip              |       |     8 |    72 |    12 |       ||    92
       Tailslap          |       |     1 |    13 |     4 |       ||    18
       Punch             |       |       |     1 |     1 |       ||     2
 Cast: Foxfire           |    53 |    71 |   207 |   178 |    53 ||   562
       Scorch            |     5 |    13 |    59 |   130 |    32 ||   239
       Flame Wave        |       |     1 |    10 |    39 |     8 ||    58
       Kindle Blastspark |       |       |     1 |       |       ||     1
       Poisonous Vapours |       |       |       |     9 |    40 ||    49
       Ignite Poison     |       |       |       |     8 |    28 ||    36
       Fireball          |       |       |       |       |    22 ||    22
       Searing Ray       |       |       |       |       |     4 ||     4
       Sticky Flame      |       |       |       |       |     1 ||     1
  Use: Scroll            |       |    12 |    10 |     9 |     4 ||    35
       Potion            |       |     2 |       |       |     1 ||     3
Armor: Robe              |    12 |     5 |    24 |    49 |    36 ||   126
       Skin              |       |       |       |     6 |       ||     6
Dodge: Dodged            |    29 |    12 |    43 |    99 |    35 ||   218

Table legend: (Time is in decaauts)
 A = Elapsed time spent in this place.
 B = Non-inter-level travel time spent in this place.
 C = Inter-level travel time spent in this place.
 D = Time resting spent in this place.
 E = Time spent auto-exploring this place.
 F = Levels seen in this place.
 G = Mean time per level.
                   A        B        C        D        E       F      G
               +--------+--------+--------+--------+--------+-----+--------+
         Total |  17083 |  16118 |    965 |    415 |  12551 |  17 | 1004.9 |
       Dungeon |   9989 |   9245 |    744 |    218 |   7333 |  10 |  998.9 |
        Temple |    130 |    124 |      6 |      0 |    110 |   1 |  130.0 |
          Lair |   5588 |   5374 |    214 |    197 |   4245 |   5 | 1117.6 |
         Sewer |   1374 |   1374 |      0 |      0 |    861 |   1 | 1374.0 |
               +--------+--------+--------+--------+--------+-----+--------+

Top non-repeatable levels by time:
  Lair:2: 1676 daAuts
     D:3: 1489 daAuts
   Sewer: 1374 daAuts
     D:4: 1210 daAuts
  Lair:3: 1207 daAuts
  Lair:1: 1167 daAuts
     D:5: 1136 daAuts
  Lair:4: 1129 daAuts
     D:8: 1096 daAuts
     D:7: 1093 daAuts
     D:1: 971 daAuts
     D:6: 858 daAuts
     D:9: 797 daAuts
    D:10: 709 daAuts
     D:2: 627 daAuts
